 Dungeon Crawl Stone Soup version 0.31-a0-233-g139696dc86 (webtiles) character file.

Game seed: 3745777358969760143

3 Gargoyl the Trooper (level 1, -2/14 HPs)
             Began as a Gargoyle Berserker on July 9, 2023.
             Was a Follower of Trog.
             Slain by a kobold
             ... wielding a +1 whip of venom
              (6 damage)
             ... on level 1 of the Dungeon.
             The game lasted 00:00:05 (32 turns).

Gargoyl the Trooper (Gargoyle Berserker)              Turns: 32, Time: 00:00:06

Health: -2/14      AC:  4    Str: 20    XL:     1   Next: 50%
Magic:  1/1        EV: 11    Int:  7    God:    Trog [*.....]
Gold:   10         SH:  0    Dex:  9    Spells: 0/0 levels left

rFire   . . .        a - +0 hand axe
rCold   . . .        (no shield)
rNeg    + . .        b - +0 animal skin
rPois   ∞            (no helmet)
rElec   +            (no cloak)
rCorr   .            (no gloves)
SInv    .            (no boots)
Will    .....        (no amulet)
Stlth   +            (no ring)
HPRegen 0.22/turn    (no ring)
MPRegen 0.07/turn

%: no passive effects
@: no status effects
A: sickness immunity, AC +2, negative energy resistance 1, electricity
resistance, torment resistance 1, petrification resistance
a: Renounce Religion, Berserk


You were on level 1 of the Dungeon.
You worshipped Trog.
Trog was aware of your devotion.
You visited 1 branch of the dungeon, and saw 1 of its levels.

You collected 10 gold pieces.

Inventory:

Hand Weapons
 a - a +0 hand axe (weapon)
Armour
 b - a +0 animal skin (worn)


   Skills:
 + Level 3.4 Fighting
 + Level 2.8 Axes
 + Level 2.2 Armour
 + Level 1.6 Dodging


You couldn't memorise any spells.
You didn't know any spells.
Your spell library was empty.

Dungeon Overview and Level Annotations

Branches:
Dungeon (1/15)

Altars:


Innate Abilities, Weirdness & Mutations

You are immune to sickness and miasma.
Your stone body is resilient. (AC +2)
You are immune to poison.
You resist negative energy. (rN+)
You are resistant to electric shocks. (rElec)
You are resistant to unholy torment.
You are immune to petrification.


Message History

You slash the hobgoblin!
You kill the hobgoblin!
Trog accepts your kill.
HP restored.
You now have 10 gold pieces.
A kobold comes into view. It is wielding a +1 whip of venom.
The kobold shouts!
A ball python comes into view.
You see here a frilled lizard corpse.
There are monsters nearby!
There are monsters nearby!
A hobgoblin comes into view.
Found 22 gold pieces.
The hobgoblin shouts!
Found a faded altar of an unknown god.
The ball python hisses angrily.
A giant cockroach comes into view.
Found a dagger.
A kobold comes into view. It is wielding a +0 short sword.
The ball python bites you but does no damage.
The ball python grabs you. The ball python constricts you.
The hobgoblin hits you.
The kobold hits you with a +1 whip of venom.
The kobold shouts!
You hit the giant cockroach.
The giant cockroach is almost dead.
You hit the ball python.
You kill the ball python!
Trog accepts your kill.
You closely miss the kobold. You closely miss the hobgoblin.
The giant cockroach closely misses you.
The hobgoblin hits you but does no damage.
The kobold hits you with a +1 whip of venom.
You hit the kobold but do no damage. You hit the hobgoblin.
You completely miss the giant cockroach.
The giant cockroach bites you but does no damage.
The hobgoblin hits you.
* * * LOW HITPOINT WARNING * * *
The kobold hits you with a +1 whip of venom.
You die...

..⌠....# #
).....# #.# #.
⌠._... ...###
#.. ....##.$...#
#.......##.....#
#....#..##....$#
#.....B†g......#
#...K.@.......#
#.####K....##.
###......#
..........#
#.##...#†##
##.#...#.##
###.......######
#...............
#..##♣♣♣.♣♣♣##..


You could see a giant cockroach, a hobgoblin and 2 kobolds.

Vanquished Creatures
  A ball python (D:1)
  A hobgoblin (D:1)
  A frilled lizard (D:1)
3 creatures vanquished.

Notes
Turn   | Place    | Note
-------+----------+-------------------------------------------
     0 | D:1      | Gargoyl the Gargoyle Berserker began the quest for the Orb.
     0 | D:1      | Reached XP level 1. HP: 14/14 MP: 1/1
    28 | D:1      | Found a faded altar of an unknown god.
    32 | D:1      | Slain by a kobold

Illustrated notes

Levels and vault maps discovered:
D:1:      scummos_arrival_forest, layout_loops_ring,
          hellmonk_ecumenical_altar_run_dry

Action                     || total
---------------------------++-------
  Melee: Hand axe          ||    13
 Armour: Animal skin       ||     7
  Dodge: Dodged            ||     6

Table legend: (Time is in decaauts)
 A = Elapsed time spent in this place.
 B = Non-inter-level travel time spent in this place.
 C = Inter-level travel time spent in this place.
 D = Time resting spent in this place.
 E = Time spent auto-exploring this place.
 F = Levels seen in this place.
 G = Mean time per level.
                   A        B        C        D        E       F      G
               +--------+--------+--------+--------+--------+-----+--------+
         Total |     34 |     34 |      0 |      0 |     11 |   1 |   34.0 |
       Dungeon |     34 |     34 |      0 |      0 |     11 |   1 |   34.0 |
               +--------+--------+--------+--------+--------+-----+--------+

Top non-repeatable levels by time:
     D:1: 34 daAuts
